 Dungeon Crawl Stone Soup version 0.17-a0-777-g32247ce (webtiles) character file.

25 stringdemon the Chiller (level 2, -2/24 HPs)
             Began as a Troll Ice Elementalist on Apr 25, 2015.
             Slain by a worm (12 damage)
             ... on level 2 of the Dungeon.
             The game lasted 00:03:50 (893 turns).

stringdemon the Chiller (Troll Ice Elementalist)     Turns: 893, Time: 00:03:50

Health: -2/24      AC:  5    Str: 15    XL:     2   Next: 82%
Magic:  0/3        EV:  9    Int: 11    God:
Gold:   0          SH:  0    Dex: 10    Spells: 1 memorised, 3 levels left

rFire  . . .     SeeInvis .     a - -3 hunting sling (curse)
rCold  . . .     Clarity  .     e - +0 robe
rNeg   . . .     SustAb   .     (no shield)
rPois  .         Gourm    +     (helmet restricted)
rElec  .         Spirit   .     (no cloak)
rCorr  .         Warding  .     (gloves unavailable)
rMut   .         Stasis   .     (boots unavailable)
MR     .....                    (no amulet)
Stlth  +.........               (no ring)
                                (no ring)

@: lethally poisoned (-2 -> -2), not resistant to hostile enchantments, very
unstealthy
A: unfitting armour, claws 3, fast metabolism 3, gourmand, regeneration 2,
shaggy fur 1, tough skin 2
a: no special abilities


You were on level 2 of the Dungeon.
You were full.

You visited 1 branch of the dungeon, and saw 2 of its levels.

Inventory:

Hand weapons
 a - a cursed -3 hunting sling (weapon)
Armour
 e - a +0 robe (worn)
Scrolls
 g - a scroll of identify
Potions
 d - a potion of cure mutation
 f - 3 potions of heal wounds {unknown}
Books
 b - a book of Frost

   Spells                             Type                      Level
   a - Freeze                         Ice                          1
   b - Throw Frost                    Conjuration/Ice              2
   c - Ozocubu's Armour               Charms/Ice                   3
   d - Throw Icicle                   Conjuration/Ice              4
   e - Summon Ice Beast               Ice/Summoning                4
   f - Condensation Shield            Ice                          4
Comestibles
 c - 2 bread rations
 i - 4 fruits


   Skills:
 - Level 1.5 Dodging
 - Level 1.1 Stealth
 * Level 1.0 Unarmed Combat
 + Level 1.5 Spellcasting
   Level 0.6 Conjurations
 + Level 2.6 Ice Magic


You had 3 spell levels left.
You knew the following spells:

 Your Spells              Type           Power        Failure   Level  Hunger
a - Freeze                Ice            #...         12%         1    ##.....


Dungeon Overview and Level Annotations

Branches:
Dungeon (2/15)

Altars:
Fedhas


Innate Abilities, Weirdness & Mutations

You are too large for most types of armour.
You have claws for hands.
Your metabolism is lightning-fast.
You like to eat raw meat.
You heal very quickly.
You are covered in fur (AC +1).
You have very tough skin (AC +2).


Message History

The hobgoblin closely misses you. The adder bites you.
You are poisoned.
The adder poisons you! The adder bites you but does no damage.
The hobgoblin hits you with a club.
You clumsily bash the hobgoblin but do no damage.
You feel sick. The hobgoblin hits you with a club.
The hobgoblin closely misses you. The adder bites you.
You are more poisoned.
The adder poisons you! The adder bites you.
The goblin hits you but does no damage.
You feel sick. The adder bites you.
The hobgoblin hits you but does no damage.
The adder is no longer moving slowly.
The hobgoblin hits you but does no damage.
You feel sick.
The adder is no longer moving slowly.
The adder bites you. The adder bites you but does no damage.
You feel sick. The adder closely misses you.
The adder bites you but does no damage. The worm bites you!
Ouch! That really hurt!
You die...

#........# #....#.# . ..
#........###......#.. #
#........##.........# #
#.(............%.# #
#........####...###########
#........###...###..g.SS...
#.........#..#$.##.########
#########......%.)..# #
#..@w####....# #S#S##
#.......# #######.gg#
###...#... #..."....g#
###..##. #.........# #..#
#.........# #. #.........#
#......(..# #.........#


You could see a worm, 2 adders, 2 hobgoblins and a goblin.

Vanquished Creatures
  An ooze (D:1)
  A giant gecko (D:2)
  2 ball pythons (D:1)
  4 goblins (D:1)
  2 hobgoblins (D:1)
  4 kobolds
  7 rats (D:1)
21 creatures vanquished.

Notes
Turn   | Place    | Note
--------------------------------------------------------------
     0 | D:1      | stringdemon, the Troll Ice Elementalist, began the quest for the Orb.
     0 | D:1      | Reached XP level 1. HP: 16/16 MP: 1/1
    52 | D:1      | Reached XP level 2. HP: 24/24 MP: 3/3
   837 | D:2      | Reached skill level 1 in Unarmed Combat
   841 | D:2      | Found a blossoming altar of Fedhas.
   893 | D:2      | Slain by a worm

Action                   || total
-------------------------++-------
Melee: Unarmed           ||    15
       Hunting sling     ||    16
 Cast: Freeze            ||    26
  Use: Scroll            ||     3
  Eat: Chunk             ||    12
